 Dungeon Crawl Stone Soup version 0.31-a0-165-g3f4f80340b (webtiles) character file.

Game seed: 18033120846298793956

184310 qw the Marksnaga (level 18, -3/184 HPs)
             Began as a Naga Hunter on June 13, 2023.
             Was an Elder of Okawaru.
             Slain by a naga mage
             ... wielding a +0 spear
              (10 damage)
             ... on level 4 of the Snake Pit.
             The game lasted 00:16:16 (27394 turns).

qw the Marksnaga (Naga Hunter)                     Turns: 27394, Time: 00:16:16

Health: -3/184     AC: 33    Str:  9    XL:     18   Next: 40%
Magic:  25/25      EV: 18    Int: 11    God:    Okawaru [****..]
Gold:   165        SH:  0    Dex: 21    Spells: 17/17 levels left

rFire   + + +        k - +6 longbow (freeze)
rCold   + . .        (shield currently unavailable)
rNeg    . . .        i - +0 troll leather armour
rPois   +            w - +2 helmet
rElec   .            a - +1 cloak {rCorr}
rCorr   +            m - +2 pair of gloves
SInv    +            y - +3 barding
Will    ++...        f - amulet of Xievvuke {rF+++ Regen+ Str-5 SInv}
Stlth   +++          t - ring of protection from cold
HPRegen 2.10/turn    g - +4 ring of protection
MPRegen 0.19/turn

%: no passive effects
@: lethally poisoned (-3 -> -7), heroic, untranslocatable, very slow
A: AC +6, large, see invisible, deformed body, poison resistance, slowness 2,
spit poison 1, naga tail 2
a: Spit Poison, Renounce Religion, Heroism, Finesse


You were on level 4 of the Snake Pit.
You worshipped Okawaru.
Okawaru was greatly pleased with you.
You visited 6 branches of the dungeon, and saw 30 of its levels.

You collected 3048 gold pieces.
You spent 2883 gold pieces at shops.


Innate Abilities, Weirdness & Mutations

Your serpentine skin is tough. (AC +6)
You have supernaturally acute eyesight. (SInv)
Armour fits poorly on your strangely shaped body.
Your system is resistant to poisons. (rPois)
You cover ground very slowly.
You can spit poison.
You can use your snake-like lower body to constrict enemies.


   Skills:
 - Level 17.0(22.0) Fighting
 - Level 20.0(25.0) Ranged Weapons
 - Level 9.0(14.0) Armour
 + Level 10.9(15.9) Dodging
 - Level 1.5(6.5) Stealth
 - Level 10.0 Invocations


You had 17 spell levels left.
You didn't know any spells.
Your spell library was empty.

Inventory:

Hand Weapons
 k - a +6 longbow of freezing (weapon)
Armour
 a - a +1 cloak of preservation (worn)
 i - a +0 troll leather armour (worn)
 m - a +2 pair of gloves (worn)
 o - a +2 robe of fire resistance
 w - a +2 helmet (worn)
 y - a +3 barding (worn)
Jewellery
 d - a +6 ring of strength
 f - the amulet of Xievvuke (around neck) {rF+++ Regen+ Str-5 SInv}
   (You found it on level 2 of the Dungeon)

   [amulet of regeneration]

   Str:       It affects your strength (-5).
   rF:        It renders you almost immune to fire.
   SInv:      It lets you see invisible.
   Regen:     It increases your rate of health regeneration.
 g - a +4 ring of protection (right hand)
 l - an amulet of reflection
 p - a +5 ring of evasion
 q - a ring of fire
 r - a +5 ring of evasion
 t - a ring of protection from cold (left hand)
 x - a +6 ring of dexterity
 Y - a ring of willpower
Wands
 s - a wand of digging (8)
Scrolls
 b - 4 scrolls of teleportation
 e - 16 scrolls of identify
Potions
 c - 5 potions of might
 h - 8 potions of curing
 j - 5 potions of magic
 n - 7 potions of mutation
 u - a potion of cancellation
 v - 3 potions of haste

Dungeon Overview and Level Annotations

Branches:
Dungeon (15/15)            Temple (1/1) D:5            Lair (5/5) D:8
  Swamp (3/4) Lair:2        Snake (4/4) Lair:3        Slime (0/5) Lair:5
    Orc (2/2) D:10            Elf (0/3) Orc:2        Vaults (0/5) D:14
 Depths (0/4) D:15

Altars:
Ashenzari
Cheibriados
Dithmenos
Elyvilon
Fedhas
Gozag
Hepliaklqana
Kikubaaqudgha
Makhleb
Nemelex Xobeh
Okawaru
Qazlal
Ru
Sif Muna
Trog
Uskayaw
Vehumet
Wu Jian
Xom
Yredelemnul
Zin
The Shining One
Jiyva
Lugonu

Shops:
D:5 [   D:7 *   D:13 *   Orc:1 *   Orc:2 (*[(   Swamp:3 *   Snake:2 (*[[
Snake:4 :=:

Portals:
Abyss: Lair:5
Trove: D:13 (give 6 scrolls of fear)


Message History

You hear a shout!
The naga mage no longer looks unusually strong.
The guardian serpent coils itself and waves its upper body at you.
The bolt of poison misses you.
The bolt of poison hits the naga warrior!
The naga warrior roars a battlecry!
The nagas go into a battle-frenzy!
The naga warrior constricts you.
The naga mage hits you but does no damage.
The nagaraja points at you and mumbles some strange words.
You feel more firmly anchored in space. The naga mage barely misses you.
The salamander hits you but does no damage.
You shoot an arrow. The arrow hits the naga warrior!!!
The arrow freezes the naga warrior.
You kill the naga warrior!
Okawaru accepts your kill.
You feel sick.
The guardian serpent closely misses you.
The nagaraja hits you but does no damage.
The nagaraja closely misses you.
The naga mage hits you but does no damage.
The naga mage misses you.
The naga mage casts a spell at the naga mage.
The naga mage seems to grow toxic.
You shoot an arrow. The arrow hits the guardian serpent!
The arrow freezes the guardian serpent!
You kill the guardian serpent!
Okawaru accepts your kill.
You feel sick. The salamander barely misses you.
You shoot an arrow. The arrow hits the salamander!!
The arrow freezes the salamander!
The salamander is heavily wounded.
You feel sick.
The nagaraja gestures at you while chanting.
You resist with some effort. The naga mage spits poison at you.
The splash of poison hits you but does no damage.
You are more poisoned.
You resist. The naga mage hits you with a +0 spear!
You die...

#....%)######
#.))...# #.....)#
#...#..# #......#
##......######
.............#####
.........)NN.....#
.........)@%..)...
.........N)N......
##......#####.....
#......# ##).
#......# .
#......# .....


You could see a nagaraja (strong), a salamander (strong) and 2 naga magi.

Vanquished Creatures
  Nikola (Swamp:2)
  Mlioglotl (Swamp:1)
  Kirke (D:12)
  3 nagarajas (Snake:4)
  Louise (Swamp:2)
  Aizul (Swamp:2)
  An eleionoma (Swamp:3)
  6 bunyips
  Snorg (Lair:3)
  An ettin (D:15)
  2 shambling mangroves (Swamp:2)
  5 vault guards (D:14)
  Harold (D:9)
  Erolcha (D:12)
  12 hydras
  2 salamander tyrants (Snake:4)
  3 centaur warriors
  7 alligators
  5 two-headed ogres
  10 anacondas
  4 boulder beetles
  12 naga warriors
  9 shock serpents
  3 orc high priests (Orc:2)
  2 thrashing horrors (Lair:5)
  A tengu warrior (D:12)
  Nergalle (D:12)
  8 naga sharpshooters
  2 skysharks (Lair:5)
  3 salamander mystics
  5 skeletal warriors (D:14)
  A fire crab (Lair:3)
  3 goliath frogs (Swamp:1)
  A death drake (Swamp:1)
  3 deep trolls (D:15)
  A spriggan druid (Swamp:3)
  5 bog bodies
  3 swamp dragons
  6 naga ritualists
  2 deep elf pyromancers (D:14)
  A wizard (D:15)
  7 orc knights
  A lindwurm (shapeshifter) (D:12)
  4 will-o-the-wisps
  A necromancer (D:15)
  21 mana vipers
  4 manticores
  13 salamanders
  4 orc sorcerers (Orc:2)
  3 cyclopes
  4 ugly things
  A wolf spider (D:15)
  4 guardian serpents
  25 elephants (Lair:5)
  8 naga magi
  12 cane toads
  39 black mambas
  A smoke demon (Lair:5)
  2 torpor snails
  An unseen horror (D:10)
  Maggie (Lair:2)
  2 efreet
  A tengu conjurer (D:13)
  A yaktaur (shapeshifter) (Lair:5)
  4 rime drakes
  A freezing wraith (D:12)
  2 komodo dragons (shapeshifter)
  3 komodo dragons
  An ancient zyme (Lair:5)
  2 bloated husks
  3 meliai
  3 trolls
  A polar bear (Lair:2)
  8 tyrant leeches
  7 hornets
  25 dream sheep
  8 blink frogs (Lair:5)
  A centaur simulacrum (D:12)
  7 slime creatures
  5 spriggans
  3 shadows
  A water elemental (D:14)
  3 wraiths
  4 ynoxinuls (Lair:5)
  Eustachio (D:5)
  2 wyverns (D:8)
  81 yaks
  4 basilisks
  10 humans
  13 vampire mosquitoes
  Menkaure (D:4)
  9 swamp worms
  3 steam dragons
  3 wargs
  42 nagas
  2 large abominations (Lair:5)
  6 small abominations (Lair:5)
  2 acid dragons
  13 water moccasins
  6 swamp drakes
  21 orc warriors
  4 ice beasts
  A sky beast (D:8)
  3 black bears
  An ogre (shapeshifter) (D:13)
  15 wolves
  9 ogres
  A tengu (shapeshifter) (Lair:5)
  10 centaurs
  5 phantoms
  2 kobold brigands
  13 bullfrogs
  5 scorpions
  18 wights
  A water moccasin skeleton (D:5)
  7 howler monkeys
  2 bullfrog zombies (D:5)
  2 hounds
  15 orc priests
  2 gnoll boudas
  3 jellies
  2 bullfrog skeletons (D:5)
  6 iguanas
  2 sleepcaps (D:7)
  Ijyb (D:4)
  Terence (D:2)
  29 orc wizards
  A scorpion zombie (D:5)
  4 hound zombies (D:5)
  10 adders
  12 gnolls
  A white imp (D:6)
  An ufetubus (D:4)
  A dart slug (D:2)
  2 worms
  60 orcs
  7 endoplasms
  5 giant cockroaches
  6 goblins
  7 hobgoblins
  3 quokkas (D:1)
  5 ball pythons
  10 bats
  3 frilled lizards
  13 kobolds
  10 rats
933 creatures vanquished.

Vanquished Creatures (others)
  A naga (Snake:4)
  A sky beast (D:6)
  An orc priest (Orc:2)
  An orc wizard (Orc:2)
  6 foxfires
10 creatures vanquished.

Grand Total: 943 creatures vanquished

Notes
Turn   | Place    | Note
-------+----------+-------------------------------------------
     0 | D:1      | qw the Naga Hunter began the quest for the Orb.
     0 | D:1      | Reached XP level 1. HP: 19/19 MP: 1/1
     0 | D:1      | 0 ||| qw: Version: 0.2-a-29-gc1b59c4
     0 | D:1      | 0 ||| qw: Game counter: 4727
     0 | D:1      | 0 ||| qw: Always use a shield: true
     0 | D:1      | 0 ||| qw: God list: Okawaru
     0 | D:1      | 0 ||| qw: Allow faded altars: false
     0 | D:1      | 0 ||| qw: Do Orc after D:15 true
     0 | D:1      | 0 ||| qw: Do second Lair branch before Depths: true
     0 | D:1      | 0 ||| qw: Lair rune preference: random
     0 | D:1      | 0 ||| qw: Plans: Normal
     0 | D:1      | 0 ||| PLANNING D:1-11
    34 | D:1      | 34 ||| INVOKING Spit Poison.
    38 | D:1      | 38 ||| INVOKING Spit Poison.
    73 | D:1      | 73 ||| INVOKING Spit Poison.
    76 | D:1      | 76 ||| INVOKING Spit Poison.
    78 | D:1      | Reached skill level 4 in Ranged Weapons
    78 | D:1      | Reached XP level 2. HP: 26/26 MP: 2/2
    92 | D:1      | 92 ||| INVOKING Spit Poison.
   113 | D:1      | 113 ||| INVOKING Spit Poison.
   135 | D:1      | 135 ||| INVOKING Spit Poison.
   142 | D:1      | 142 ||| INVOKING Spit Poison.
   146 | D:1      | Found a faded altar of an unknown god.
   177 | D:1      | 177 ||| INVOKING Spit Poison.
   182 | D:1      | 182 ||| INVOKING Spit Poison.
   205 | D:1      | 205 ||| INVOKING Spit Poison.
   235 | D:1      | 235 ||| INVOKING Spit Poison.
   304 | D:1      | 304 ||| INVOKING Spit Poison.
   337 | D:1      | 337 ||| INVOKING Spit Poison.
   341 | D:1      | 341 ||| INVOKING Spit Poison.
   441 | D:1      | 441 ||| INVOKING Spit Poison.
   444 | D:1      | 444 ||| INVOKING Spit Poison.
   520 | D:1      | 520 ||| UPGRADING to +0 pair of gloves.
   525 | D:1      | 525 ||| UPGRADING to +6 ring of strength.
   526 | D:1      | 526 ||| UPGRADING to +4 ring of protection.
   527 | D:1      | 527 ||| READING scroll labelled LIEJ OTSETI.
   628 | D:1      | 628 ||| READING 2 scrolls labelled LUOGEPN MOTA.
   629 | D:1      | 629 ||| DROPPING scroll of butterflies.
   630 | D:1      | 630 ||| DROPPING scroll of blinking.
   642 | D:2      | 642 ||| INVOKING Spit Poison.
   643 | D:2      | Reached XP level 3. HP: 32/32 MP: 3/3
   650 | D:2      | 650 ||| INVOKING Spit Poison.
   655 | D:2      | 655 ||| INVOKING Spit Poison.
   675 | D:2      | 675 ||| INVOKING Spit Poison.
   678 | D:2      | 678 ||| INVOKING Spit Poison.
   688 | D:2      | 688 ||| INVOKING Spit Poison.
   729 | D:2      | 729 ||| INVOKING Spit Poison.
   745 | D:2      | 745 ||| INVOKING Spit Poison.
   751 | D:2      | 751 ||| INVOKING Spit Poison.
   778 | D:2      | 778 ||| INVOKING Spit Poison.
   811 | D:2      | Identified the amulet of Xievvuke {rF+++ Regen+ Str-5 SInv}
   817 | D:2      | 817 ||| INVOKING Spit Poison.
   888 | D:2      | 888 ||| INVOKING Spit Poison.
   900 | D:2      | 900 ||| INVOKING Spit Poison.
   907 | D:2      | 907 ||| INVOKING Spit Poison.
   914 | D:2      | 914 ||| INVOKING Spit Poison.
   937 | D:2      | Noticed Terence
   939 | D:2      | 939 ||| INVOKING Spit Poison.
   942 | D:2      | Killed Terence
   943 | D:2      | Reached skill level 5 in Ranged Weapons
   943 | D:2      | Reached XP level 4. HP: 39/39 MP: 4/4
  1071 | D:2      | 1071 ||| INVOKING Spit Poison.
  1074 | D:2      | 1074 ||| INVOKING Spit Poison.
  1080 | D:2      | 1080 ||| INVOKING Spit Poison.
  1267 | D:2      | 1267 ||| INVOKING Spit Poison.
  1272 | D:2      | 1272 ||| INVOKING Spit Poison.
  1274 | D:2      | Reached skill level 3 in Fighting
  1274 | D:2      | Reached XP level 5. HP: 49/49 MP: 5/5
  1274 | D:2      | 1274 ||| UPGRADING to amulet of Xievvuke {rF+++ Regen+
                  | Str-5 SInv}.
  1279 | D:2      | 1279 ||| READING 2 scrolls labelled OSIEHE BUL FORPH.
  1282 | D:2      | 1282 ||| READING 2 scrolls labelled FOUVOD WEDAL.
  1283 | D:2      | 1283 ||| READING scroll labelled HET EFINUOCOBB.
  1284 | D:2      | 1284 ||| READING scroll labelled PEDAJA OGRU.
  1285 | D:2      | 1285 ||| READING scroll labelled SOLUVI ETREPH.
  1286 | D:2      | 1286 ||| DRINKING 2 pink potions.
  1287 | D:2      | 1287 ||| DROPPING potion of enlightenment.
  1333 | D:3      | 1333 ||| INVOKING Spit Poison.
  1336 | D:3      | 1336 ||| INVOKING Spit Poison.
  1343 | D:3      | 1343 ||| INVOKING Spit Poison.
  1345 | D:3      | 1345 ||| STAIRDANCE
  1347 | D:2      | 1347 ||| INVOKING Spit Poison.
  1354 | D:2      | 1354 ||| INVOKING Spit Poison.
  1359 | D:2      | 1359 ||| INVOKING Spit Poison.
  1363 | D:2      | 1363 ||| INVOKING Spit Poison.
  1368 | D:2      | 1368 ||| INVOKING Spit Poison.
  1394 | D:3      | 1394 ||| STAIRDANCE
  1396 | D:2      | 1396 ||| INVOKING Spit Poison.
  1399 | D:2      | 1399 ||| INVOKING Spit Poison.
  1444 | D:3      | 1444 ||| INVOKING Spit Poison.
  1484 | D:3      | 1484 ||| INVOKING Spit Poison.
  1493 | D:3      | 1493 ||| INVOKING Spit Poison.
  1500 | D:3      | 1500 ||| INVOKING Spit Poison.
  1584 | D:3      | 1584 ||| INVOKING Spit Poison.
  1589 | D:3      | 1589 ||| INVOKING Spit Poison.
  1607 | D:3      | 1607 ||| INVOKING Spit Poison.
  1608 | D:3      | Reached skill level 6 in Ranged Weapons
  1683 | D:3      | 1683 ||| INVOKING Spit Poison.
  1696 | D:3      | 1696 ||| INVOKING Spit Poison.
  1727 | D:3      | Noticed a phantom
  1728 | D:3      | 1728 ||| INVOKING Spit Poison.
  1746 | D:3      | Killed a phantom
  1747 | D:3      | Reached XP level 6. HP: 50/57 MP: 6/6
  1763 | D:3      | 1763 ||| INVOKING Spit Poison.
  1769 | D:3      | 1769 ||| INVOKING Spit Poison.
  1816 | D:3      | 1816 ||| INVOKING Spit Poison.
  1820 | D:3      | 1820 ||| INVOKING Spit Poison.
  1923 | D:3      | 1923 ||| READING scroll labelled OXIQISCHOIMI.
  2004 | D:4      | Noticed Menkaure
  2016 | D:4      | Killed Menkaure
  2017 | D:4      | Reached XP level 7. HP: 40/64 MP: 7/7
  2052 | D:4      | 2052 ||| INVOKING Spit Poison.
  2149 | D:4      | 2149 ||| INVOKING Spit Poison.
  2222 | D:4      | Noticed Ijyb
  2223 | D:4      | Paralysed by Ijyb for 2 turns
  2226 | D:4      | 2226 ||| INVOKING Spit Poison.
  2232 | D:4      | 2232 ||| INVOKING Spit Poison.
  2239 | D:4      | 2239 ||| INVOKING Spit Poison.
  2243 | D:4      | Killed Ijyb
  2251 | D:4      | 2251 ||| INVOKING Spit Poison.
  2255 | D:4      | 2255 ||| INVOKING Spit Poison.
  2324 | D:4      | 2324 ||| INVOKING Spit Poison.
  2329 | D:4      | 2329 ||| INVOKING Spit Poison.
  2330 | D:4      | Reached skill level 7 in Ranged Weapons
  2334 | D:4      | 2334 ||| INVOKING Spit Poison.
  2422 | D:4      | 2422 ||| INVOKING Spit Poison.
  2425 | D:4      | 2425 ||| INVOKING Spit Poison.
  2428 | D:4      | 2428 ||| INVOKING Spit Poison.
  2473 | D:4      | 2473 ||| INVOKING Spit Poison.
  2623 | D:4      | 2623 ||| INVOKING Spit Poison.
  2626 | D:4      | 2626 ||| INVOKING Spit Poison.
  2828 | D:4      | 2828 ||| READING scroll labelled RESUN TOJUGG.
  2829 | D:4      | 2829 ||| READING scroll labelled BEOSCH MIWE.
  2830 | D:4      | 2830 ||| DRINKING 2 viscous pink potions.
  2831 | D:4      | 2831 ||| READING 2 scrolls of identify.
  2831 | D:4      | 2831 ||| IDENTIFYING bubbling amethyst potion
  2832 | D:4      | 2832 ||| DROPPING potion of degeneration.
  2853 | D:5      | Entered Level 5 of the Dungeon
  2888 | D:5      | Found a staircase to the Ecumenical Temple.
  2889 | D:5      | 2889 ||| PLANNING TEMPLE
  2889 | D:5      | 2889 ||| INVOKING Spit Poison.
  2899 | Temple   | Entered the Ecumenical Temple
  2958 | Temple   | 2958 ||| PLANNING OKAWARU WORSHIP
  3719 | Temple   | Became a worshipper of Warmaster Okawaru
  3719 | Temple   | 3719 ||| PLANNING D:1-11
  3800 | D:5      | 3800 ||| INVOKING Spit Poison.
  3802 | D:5      | Reached skill level 8 in Ranged Weapons
  3802 | D:5      | Reached XP level 8. HP: 72/72 MP: 8/8
  3807 | D:5      | 3807 ||| INVOKING Spit Poison.
  3893 | D:5      | 3893 ||| INVOKING Spit Poison.
  3897 | D:5      | 3897 ||| INVOKING Spit Poison.
  3905 | D:5      | 3905 ||| INVOKING Spit Poison.
  3994 | D:5      | Noticed Eustachio
  3997 | D:5      | 3997 ||| INVOKING Spit Poison.
  4003 | D:5      | 4003 ||| INVOKING Spit Poison.
  4007 | D:5      | 4007 ||| INVOKING Spit Poison.
  4012 | D:5      | 4012 ||| INVOKING Spit Poison.
  4013 | D:5      | 4013 ||| INVOKING Spit Poison.
  4020 | D:5      | 4020 ||| INVOKING Spit Poison.
  4020 | D:5      | Killed Eustachio
  4020 | D:5      | Reached * piety under Okawaru
  4076 | D:5      | 4076 ||| INVOKING Spit Poison.
  4082 | D:5      | 4082 ||| INVOKING Spit Poison.
  4085 | D:5      | Reached skill level 1 in Invocations
  4085 | D:5      | 4085 ||| INVOKING Spit Poison.
  4125 | D:5      | 4125 ||| INVOKING Heroism.
  4129 | D:5      | Reached skill level 9 in Ranged Weapons
  4350 | D:5      | Reached skill level 1 in Armour
  4368 | D:5      | 4368 ||| INVOKING Spit Poison.
  4506 | D:5      | Found Xaunett's Armour Emporium.
  4515 | D:5      | 4515 ||| BUYING +2 leather armour of willpower (209 gold).
  4515 | D:5      | Bought a +2 leather armour of willpower for 209 gold pieces
  4602 | D:5      | 4602 ||| UPGRADING to +2 leather armour of willpower.
  4612 | D:5      | 4612 ||| DROPPING +0 leather armour.
  4613 | D:5      | 4613 ||| READING scroll labelled ISYREEMNEAV.
  4614 | D:5      | 4614 ||| READING scroll labelled OMNIOM IT COY.
  4615 | D:5      | 4615 ||| DRINKING 2 fuming silvery potions.
  4616 | D:5      | 4616 ||| DRINKING 2 sedimented green potions.
  4617 | D:5      | 4617 ||| READING 2 scrolls of identify.
  4617 | D:5      | 4617 ||| IDENTIFYING viscous coppery potion
  4618 | D:5      | 4618 ||| DROPPING potion of invisibility.
  4661 | D:6      | 4661 ||| INVOKING Heroism.
  4662 | D:6      | 4662 ||| INVOKING Spit Poison.
  4668 | D:6      | Reached skill level 3 in Invocations
  4668 | D:6      | Reached XP level 9. HP: 61/82 MP: 8/11
  4670 | D:6      | 4670 ||| INVOKING Spit Poison.
  4680 | D:6      | 4680 ||| INVOKING Spit Poison.
  4684 | D:6      | 4684 ||| INVOKING Spit Poison.
  4688 | D:6      | 4688 ||| STAIRDANCE
  4715 | D:6      | 4715 ||| INVOKING Spit Poison.
  4719 | D:6      | 4719 ||| INVOKING Spit Poison.
  4739 | D:6      | 4739 ||| INVOKING Spit Poison.
  4745 | D:6      | 4745 ||| INVOKING Spit Poison.
  4750 | D:6      | 4750 ||| INVOKING Spit Poison.
  4778 | D:6      | 4778 ||| INVOKING Spit Poison.
  4782 | D:6      | 4782 ||| INVOKING Spit Poison.
  4785 | D:6      | 4785 ||| INVOKING Heroism.
  4787 | D:6      | 4787 ||| INVOKING Spit Poison.
  4796 | D:6      | Reached skill level 3 in Dodging
  4797 | D:6      | 4797 ||| INVOKING Spit Poison.
  4844 | D:6      | 4844 ||| INVOKING Spit Poison.
  4850 | D:6      | 4850 ||| INVOKING Spit Poison.
  4871 | D:6      | 4871 ||| INVOKING Spit Poison.
  4877 | D:6      | 4877 ||| INVOKING Spit Poison.
  4926 | D:6      | Found a sparkling altar of Nemelex Xobeh.
  4947 | D:6      | Reached skill level 6 in Fighting
  4973 | D:6      | 4973 ||| INVOKING Spit Poison.
  5027 | D:6      | 5027 ||| INVOKING Spit Poison.
  5030 | D:6      | 5030 ||| INVOKING Spit Poison.
  5068 | D:6      | 5068 ||| INVOKING Heroism.
  5072 | D:6      | 5072 ||| INVOKING Spit Poison.
  5230 | D:6      | 5230 ||| READING 2 scrolls of identify.
  5230 | D:6      | 5230 ||| IDENTIFYING purple potion
  5253 | D:7      | 5253 ||| INVOKING Heroism.
  5279 | D:7      | 5279 ||| INVOKING Spit Poison.
  5288 | D:7      | 5288 ||| Stepping ~*~*~tactically~*~*~ (outnumbered).
  5290 | D:7      | 5290 ||| INVOKING Spit Poison.
  5293 | D:7      | 5293 ||| INVOKING Spit Poison.
  5298 | D:7      | 5298 ||| INVOKING Spit Poison.
  5334 | D:7      | 5334 ||| Stepping ~*~*~tactically~*~*~ (outnumbered).
  5335 | D:7      | 5335 ||| INVOKING Spit Poison.
  5340 | D:7      | 5340 ||| INVOKING Spit Poison.
  5346 | D:7      | 5346 ||| INVOKING Spit Poison.
  5349 | D:7      | 5349 ||| INVOKING Heroism.
  5352 | D:7      | Reached skill level 10 in Ranged Weapons
  5367 | D:7      | 5367 ||| INVOKING Spit Poison.
  5382 | D:7      | 5382 ||| SWAPPING to +0 orcbow.
  5383 | D:7      | 5383 ||| DROPPING +1 shortbow.
  5384 | D:7      | 5384 ||| READING scroll of enchant weapon.
  5384 | D:7      | 5384 ||| ENCHANTING +0 orcbow.
  5468 | D:7      | 5468 ||| INVOKING Heroism.
  5477 | D:7      | 5477 ||| INVOKING Spit Poison.
  5566 | D:7      | 5566 ||| INVOKING Spit Poison.
  5570 | D:7      | 5570 ||| INVOKING Spit Poison.
  5575 | D:7      | 5575 ||| INVOKING Spit Poison.
  5578 | D:7      | 5578 ||| Stepping ~*~*~tactically~*~*~ (outnumbered).
  5582 | D:7      | 5582 ||| INVOKING Spit Poison.
  5585 | D:7      | 5585 ||| INVOKING Spit Poison.
  5589 | D:7      | 5589 ||| INVOKING Heroism.
  5592 | D:7      | HP: 14/76 [wight/+0 trident (12)]
  5593 | D:7      | 5593 ||| READING 6 scrolls of teleportation.
  5594 | D:7      | 5594 ||| DRINKING potion of heal wounds.
  5595 | D:7      | 5595 ||| INVOKING Spit Poison.
  5650 | D:7      | 5650 ||| INVOKING Spit Poison.
  5659 | D:7      | 5659 ||| Stepping ~*~*~tactically~*~*~ (outnumbered).
  5661 | D:7      | 5661 ||| INVOKING Spit Poison.
  5733 | D:7      | Found Tuceozxet's General Store.
  5736 | D:7      | 5736 ||| SHOPLISTING potion of mutation (112 gold, have
                  | 101).
  5736 | D:7      | 5736 ||| SHOPLISTING scroll of brand weapon (133 gold, have
                  | 101).
  5736 | D:7      | 5736 ||| BUYING scroll of teleportation (42 gold).
  5736 | D:7      | Bought a scroll of teleportation for 42 gold pieces
  5840 | D:7      | 5840 ||| INVOKING Heroism.
  5841 | D:7      | 5841 ||| INVOKING Spit Poison.
  6005 | D:7      | 6005 ||| INVOKING Heroism.
  6045 | D:7      | 6045 ||| UPGRADING to +0 cloak.
  6050 | D:7      | 6050 ||| DRINKING 3 grey potions.
  6051 | D:7      | 6051 ||| READING 2 scrolls of identify.
  6051 | D:7      | 6051 ||| IDENTIFYING viscous amethyst potion
  6052 | D:7      | 6052 ||| DROPPING 2 potions of attraction.
  6121 | D:8      | 6121 ||| INVOKING Spit Poison.
  6126 | D:8      | 6126 ||| INVOKING Spit Poison.
  6127 | D:8      | Reached XP level 10. HP: 93/94 MP: 13/13
  6131 | D:8      | 6131 ||| INVOKING Heroism.
  6134 | D:8      | 6134 ||| INVOKING Spit Poison.
  6134 | D:8      | HP: 14/94 [wyvern (12)]
  6135 | D:8      | 6135 ||| READING 6 scrolls of teleportation.
  6139 | D:8      | HP: 9/94 [yak (1)]
  6140 | D:8      | HP: 4/94 [scorpion (6)]
  6267 | D:8      | 6267 ||| INVOKING Spit Poison.
  6274 | D:8      | 6274 ||| INVOKING Spit Poison.
  6275 | D:8      | 6275 ||| Stepping ~*~*~tactically~*~*~ (outnumbered).
  6279 | D:8      | 6279 ||| INVOKING Spit Poison.
  6280 | D:8      | Reached skill level 11 in Ranged Weapons
  6286 | D:8      | 6286 ||| INVOKING Spit Poison.
  6290 | D:8      | 6290 ||| INVOKING Spit Poison.
  6291 | D:8      | 6291 ||| INVOKING Heroism.
  6299 | D:8      | 6299 ||| INVOKING Spit Poison.
  6301 | D:8      | Reached ** piety under Okawaru
  6304 | D:8      | 6304 ||| INVOKING Spit Poison.
  6312 | D:8      | 6312 ||| INVOKING Spit Poison.
  6363 | D:8      | 6363 ||| INVOKING Spit Poison.
  6394 | D:8      | 6394 ||| Stepping ~*~*~tactically~*~*~ (outnumbered).
  6396 | D:8      | 6396 ||| Stepping ~*~*~tactically~*~*~ (outnumbered).
  6397 | D:8      | 6397 ||| INVOKING Spit Poison.
  6401 | D:8      | 6401 ||| INVOKING Spit Poison.
  6405 | D:8      | 6405 ||| INVOKING Spit Poison.
  6409 | D:8      | 6409 ||| INVOKING Spit Poison.
  6415 | D:8      | 6415 ||| INVOKING Heroism.
  6416 | D:8      | 6416 ||| INVOKING Spit Poison.
  6425 | D:8      | 6425 ||| INVOKING Spit Poison.
  6432 | D:8      | 6432 ||| INVOKING Spit Poison.
  6435 | D:8      | 6435 ||| INVOKING Heroism.
  6436 | D:8      | 6436 ||| INVOKING Spit Poison.
  6638 | D:8      | 6638 ||| INVOKING Spit Poison.
  6680 | D:8      | 6680 ||| INVOKING Spit Poison.
  6685 | D:8      | 6685 ||| INVOKING Spit Poison.
  6692 | D:8      | 6692 ||| INVOKING Spit Poison.
  6723 | D:8      | 6723 ||| INVOKING Spit Poison.
  6729 | D:8      | 6729 ||| INVOKING Spit Poison.
  6734 | D:8      | 6734 ||| INVOKING Spit Poison.
  6737 | D:8      | Reached skill level 12 in Ranged Weapons
  6742 | D:8      | 6742 ||| INVOKING Spit Poison.
  6749 | D:8      | 6749 ||| INVOKING Spit Poison.
  6754 | D:8      | 6754 ||| INVOKING Spit Poison.
  6758 | D:8      | 6758 ||| INVOKING Heroism.
  6759 | D:8      | 6759 ||| INVOKING Spit Poison.
  6769 | D:8      | 6769 ||| INVOKING Spit Poison.
  6788 | D:8      | 6788 ||| INVOKING Spit Poison.
  6791 | D:8      | Reached XP level 11. HP: 102/103 MP: 14/14
  6794 | D:8      | Found a staircase to the Lair.
  6807 | D:8      | 6807 ||| INVOKING Spit Poison.
  6811 | D:8      | 6811 ||| INVOKING Spit Poison.
  6811 | D:8      | Reached *** piety under Okawaru
  6848 | D:8      | 6848 ||| INVOKING Spit Poison.
  6854 | D:8      | 6854 ||| INVOKING Spit Poison.
  6855 | D:8      | 6855 ||| DRINKING potion of cancellation.
  7205 | D:8      | 7205 ||| PLANNING LAIR
  7205 | D:8      | 7205 ||| DROPPING amulet of magic regeneration.
  7263 | Lair:1   | Entered Level 1 of the Lair of Beasts
  7280 | Lair:1   | 7280 ||| INVOKING Spit Poison.
  7301 | Lair:1   | 7301 ||| INVOKING Heroism.
  7304 | Lair:1   | 7304 ||| INVOKING Spit Poison.
  7308 | Lair:1   | 7308 ||| INVOKING Spit Poison.
  7330 | Lair:1   | 7330 ||| INVOKING Spit Poison.
  7332 | Lair:1   | Reached skill level 13 in Ranged Weapons
  7337 | Lair:1   | 7337 ||| INVOKING Spit Poison.
  7347 | Lair:1   | 7347 ||| INVOKING Spit Poison.
  7389 | Lair:1   | 7389 ||| READING scroll of enchant weapon.
  7389 | Lair:1   | 7389 ||| ENCHANTING +1 orcbow.
  7398 | Lair:1   | 7398 ||| INVOKING Heroism.
  7430 | Lair:1   | 7430 ||| INVOKING Spit Poison.
  7568 | Lair:1   | 7568 ||| INVOKING Spit Poison.
  7573 | Lair:1   | 7573 ||| INVOKING Spit Poison.
  7581 | Lair:1   | 7581 ||| INVOKING Spit Poison.
  7735 | Lair:1   | 7735 ||| DROPPING scarf of harm.
  7736 | Lair:1   | 7736 ||| READING scroll labelled YXEDIG OBIAKESS.
  7737 | Lair:1   | 7737 ||| READING 2 scrolls of identify.
  7737 | Lair:1   | 7737 ||| IDENTIFYING bubbling coppery potion
  7758 | Lair:2   | 7758 ||| INVOKING Spit Poison.
  7795 | Lair:2   | 7795 ||| READING scroll of enchant weapon.
  7795 | Lair:2   | 7795 ||| ENCHANTING +2 orcbow.
  7801 | Lair:2   | Noticed Maggie
  7804 | Lair:2   | 7804 ||| INVOKING Spit Poison.
  7810 | Lair:2   | 7810 ||| INVOKING Spit Poison.
  7815 | Lair:2   | 7815 ||| INVOKING Spit Poison.
  7816 | Lair:2   | Killed Maggie
  7846 | Lair:2   | Identified the +2 robe "Rimasiere" {rElec}
  7938 | Lair:2   | 7938 ||| INVOKING Heroism.
  7939 | Lair:2   | 7939 ||| INVOKING Spit Poison.
  7945 | Lair:2   | 7945 ||| INVOKING Spit Poison.
  7949 | Lair:2   | 7949 ||| INVOKING Spit Poison.
  8000 | Lair:2   | 8000 ||| INVOKING Spit Poison.
  8001 | Lair:2   | Found a staircase to the Swamp.
  8005 | Lair:2   | Reached skill level 9 in Fighting
  8016 | Lair:2   | 8016 ||| INVOKING Heroism.
  8069 | Lair:2   | 8069 ||| INVOKING Heroism.
  8230 | Lair:2   | 8230 ||| INVOKING Spit Poison.
  8407 | Lair:2   | 8407 ||| INVOKING Heroism.
  8408 | Lair:2   | 8408 ||| INVOKING Spit Poison.
  8412 | Lair:2   | 8412 ||| INVOKING Spit Poison.
  8416 | Lair:2   | 8416 ||| INVOKING Spit Poison.
  8452 | Lair:2   | 8452 ||| INVOKING Heroism.
  8516 | Lair:2   | 8516 ||| INVOKING Heroism.
  8585 | Lair:2   | 8585 ||| INVOKING Heroism.
  8609 | Lair:2   | Noticed a boulder beetle
  8610 | Lair:2   | 8610 ||| INVOKING Heroism.
  8611 | Lair:2   | 8611 ||| INVOKING Spit Poison.
  8619 | Lair:2   | 8619 ||| INVOKING Spit Poison.
  8628 | Lair:2   | 8628 ||| INVOKING Spit Poison.
  8631 | Lair:2   | Killed a boulder beetle
  8631 | Lair:2   | Reached **** piety under Okawaru
  8853 | Lair:2   | 8853 ||| INVOKING Spit Poison.
  8862 | Lair:2   | 8862 ||| INVOKING Spit Poison.
  8863 | Lair:2   | 8863 ||| INVOKING Heroism.
  8866 | Lair:2   | 8866 ||| INVOKING Spit Poison.
  8873 | Lair:2   | 8873 ||| INVOKING Spit Poison.
  8877 | Lair:2   | Reached skill level 14 in Ranged Weapons
  8877 | Lair:2   | 8877 ||| INVOKING Spit Poison.
  8880 | Lair:2   | 8880 ||| INVOKING Spit Poison.
  8880 | Lair:2   | HP: 21/106 [torpor snail (10)]
  8881 | Lair:2   | 8881 ||| READING 9 scrolls of teleportation.
  8882 | Lair:2   | 8882 ||| DRINKING 2 potions of heal wounds.
  8883 | Lair:2   | 8883 ||| INVOKING Heroism.
  8885 | Lair:2   | Reached XP level 12. HP: 34/114 MP: 12/15
  9407 | Lair:2   | 9407 ||| DROPPING +1 robe of willpower.
  9408 | Lair:2   | 9408 ||| UPGRADING to ring of willpower.
  9410 | Lair:2   | 9410 ||| DRINKING 3 fizzy amethyst potions.
  9426 | Lair:2   | 9426 ||| READING 4 scrolls of identify.
  9426 | Lair:2   | 9426 ||| IDENTIFYING orange potion
  9427 | Lair:2   | 9427 ||| READING 3 scrolls of identify.
  9427 | Lair:2   | 9427 ||| IDENTIFYING murky emerald potion
  9428 | Lair:2   | 9428 ||| DROPPING potion of ambrosia.
  9429 | Lair:2   | 9429 ||| DROPPING 2 potions of lignification.
  9454 | Lair:3   | 9454 ||| STAIRDANCE
  9480 | Lair:3   | 9480 ||| STAIRDANCE
  9482 | Lair:2   | 9482 ||| INVOKING Heroism.
  9500 | Lair:2   | 9500 ||| INVOKING Heroism.
  9547 | Lair:3   | Noticed a six-headed hydra
  9548 | Lair:3   | 9548 ||| INVOKING Heroism.
  9555 | Lair:3   | Killed a six-headed hydra
  9608 | Lair:3   | Noticed a six-headed hydra
  9609 | Lair:3   | 9609 ||| INVOKING Heroism.
  9618 | Lair:3   | HP: 21/116 [six-headed hydra (13)]
  9619 | Lair:3   | 9619 ||| READING 8 scrolls of teleportation.
  9620 | Lair:3   | 9620 ||| DRINKING potion of heal wounds.
  9621 | Lair:3   | Killed a six-headed hydra
  9852 | Lair:3   | Noticed Snorg
  9853 | Lair:3   | 9853 ||| INVOKING Heroism.
  9869 | Lair:3   | Killed Snorg
  9943 | Lair:3   | Reached skill level 6 in Invocations
  9945 | Lair:3   | Found a staircase to the Snake Pit.
  9950 | Lair:3   | 9950 ||| Stepping ~*~*~tactically~*~*~ (outnumbered).
  9957 | Lair:3   | 9957 ||| INVOKING Heroism.
  9971 | Lair:3   | HP: 27/116 [yak (8)]
  9972 | Lair:3   | 9972 ||| READING 7 scrolls of teleportation.
 10157 | Lair:3   | Reached ***** piety under Okawaru
 10236 | Lair:3   | Noticed a seven-headed hydra
 10237 | Lair:3   | 10237 ||| INVOKING Heroism.
 10244 | Lair:3   | Killed a seven-headed hydra
 10269 | Lair:3   | 10269 ||| INVOKING Heroism.
 10269 | Lair:3   | HP: 22/116 [black mamba (8)]
 10270 | Lair:3   | 10270 ||| READING 6 scrolls of teleportation.
 10272 | Lair:3   | Reached skill level 15 in Ranged Weapons
 10627 | Lair:3   | Noticed a boulder beetle
 10628 | Lair:3   | 10628 ||| INVOKING Heroism.
 10629 | Lair:3   | 10629 ||| INVOKING Finesse.
 10656 | Lair:3   | Killed a boulder beetle
 10656 | Lair:3   | Received a gift from Okawaru
 10657 | Lair:3   | Gained mutation: You can use your snake-like lower body to
                  | constrict enemies. [Naga growth]
 10657 | Lair:3   | Reached XP level 13. HP: 86/123 MP: 13/19
 10812 | Lair:3   | 10812 ||| INVOKING Heroism.
 10827 | Lair:3   | Reached skill level 9 in Invocations
 10861 | Lair:3   | 10861 ||| INVOKING Heroism.
 10880 | Lair:3   | Reached skill level 6 in Dodging
 10943 | Lair:3   | 10943 ||| UPGRADING to +1 pair of gloves.
 10953 | Lair:3   | 10953 ||| DROPPING +0 pair of gloves.
 10954 | Lair:3   | 10954 ||| DROPPING amulet of regeneration.
 10955 | Lair:3   | 10955 ||| DROPPING ring of positive energy.
 11155 | Lair:4   | 11155 ||| INVOKING Heroism.
 11275 | Lair:4   | Identified the +8 mace "Adodif" {antimagic, Fly rC- rCorr
                  | Str-3}
 11309 | Lair:4   | 11309 ||| INVOKING Heroism.
 11419 | Lair:4   | 11419 ||| INVOKING Heroism.
 11420 | Lair:4   | 11420 ||| INVOKING Finesse.
 11581 | Lair:4   | 11581 ||| INVOKING Heroism.
 11594 | Lair:4   | HP: 24/123 [dream sheep (8)]
 11595 | Lair:4   | 11595 ||| READING 5 scrolls of teleportation.
 12073 | Lair:4   | 12073 ||| READING 4 scrolls of identify.
 12073 | Lair:4   | 12073 ||| IDENTIFYING coppery potion
 12074 | Lair:4   | 12074 ||| DROPPING potion of berserk rage.
 12087 | Lair:5   | Entered Level 5 of the Lair of Beasts
 12106 | Lair:5   | 12106 ||| INVOKING Heroism.
 12114 | Lair:5   | HP: 29/123 [elephant (3)]
 12115 | Lair:5   | 12115 ||| READING 4 scrolls of teleportation.
 12116 | Lair:5   | 12116 ||| DRINKING potion of heal wounds.
 12119 | Lair:5   | HP: 19/123 [elephant (12)]
 12165 | Lair:5   | 12165 ||| INVOKING Heroism.
 12231 | Lair:5   | 12231 ||| READING scroll of enchant weapon.
 12231 | Lair:5   | 12231 ||| ENCHANTING +3 orcbow.
 12275 | Lair:5   | Reached skill level 16 in Ranged Weapons
 12281 | Lair:5   | Received a gift from Okawaru
 12283 | Lair:5   | 12283 ||| INVOKING Heroism.
 12378 | Lair:5   | 12378 ||| SWAPPING to +1 longbow of electrocution.
 12379 | Lair:5   | 12379 ||| DROPPING +4 orcbow.
 12425 | Lair:5   | 12425 ||| INVOKING Heroism.
 12500 | Lair:5   | 12500 ||| INVOKING Heroism.
 12558 | Lair:5   | 12558 ||| INVOKING Heroism.
 12726 | Lair:5   | 12726 ||| INVOKING Heroism.
 12767 | Lair:5   | 12767 ||| INVOKING Heroism.
 12773 | Lair:5   | Reached XP level 14. HP: 135/135 MP: 18/21
 12916 | Lair:5   | 12916 ||| INVOKING Heroism.
 12923 | Lair:5   | HP: 22/135 [cyan ugly thing (12)]
 12924 | Lair:5   | 12924 ||| READING 3 scrolls of teleportation.
 12925 | Lair:5   | 12925 ||| DRINKING 2 potions of heal wounds.
 12928 | Lair:5   | 12928 ||| DRINKING potion of heal wounds.
 12964 | Lair:5   | 12964 ||| INVOKING Heroism.
 12991 | Lair:5   | Reached skill level 17 in Ranged Weapons
 13004 | Lair:5   | 13004 ||| INVOKING Heroism.
 13092 | Lair:5   | Reached skill level 3 in Armour
 13102 | Lair:5   | 13102 ||| INVOKING Heroism.
 13268 | Lair:5   | Found a staircase to the Slime Pits.
 13269 | Lair:5   | Found a viscous altar of Jiyva.
 13355 | Lair:5   | 13355 ||| INVOKING Heroism.
 13368 | Lair:5   | HP: 31/135 [elephant (12)]
 13369 | Lair:5   | 13369 ||| READING 2 scrolls of teleportation.
 13404 | Lair:5   | 13404 ||| INVOKING Heroism.
 13556 | Lair:5   | 13556 ||| INVOKING Heroism.
 13608 | Lair:5   | Identified the +8 scimitar "Wuduugum" {protect, Str+2}
 14016 | Lair:5   | 14016 ||| INVOKING Heroism.
 14024 | Lair:5   | Reached skill level 18 in Ranged Weapons
 14331 | Lair:5   | Found a corrupted altar of Lugonu.
 14331 | Lair:5   | Found a one-way gate to the infinite horrors of the Abyss.
 14347 | Lair:5   | 14347 ||| PLANNING D:1-11
 14347 | Lair:5   | 14347 ||| READING scroll labelled ONGEF PUANG.
 14850 | D:9      | Noticed Harold
 14866 | D:9      | 14866 ||| INVOKING Heroism.
 14882 | D:9      | Killed Harold
 15219 | D:9      | 15219 ||| Stepping ~*~*~tactically~*~*~ (outnumbered).
 15309 | D:10     | Entered Level 10 of the Dungeon
 15419 | D:10     | Identified the +3 scale mail of the Invisible Hand {+Blink
                  | rPois rF-}
 15549 | D:10     | Found a staircase to the Orcish Mines.
 16205 | D:11     | 16205 ||| INVOKING Heroism.
 16267 | D:11     | 16267 ||| READING scroll of enchant weapon.
 16267 | D:11     | 16267 ||| ENCHANTING +1 longbow of freezing.
 16462 | D:11     | Reached skill level 12 in Fighting
 16462 | D:11     | 16462 ||| Stepping ~*~*~tactically~*~*~ (outnumbered).
 16709 | D:11     | 16709 ||| READING scroll of enchant weapon.
 16709 | D:11     | 16709 ||| ENCHANTING +2 longbow of freezing.
 16804 | D:11     | 16804 ||| PLANNING D
 16804 | D:11     | 16804 ||| READING scroll labelled TEYNNY YTZAREA.
 16951 | D:12     | Noticed Nergalle
 16962 | D:12     | Killed Nergalle
 16963 | D:12     | Reached XP level 15. HP: 113/140 MP: 22/22
 16977 | D:12     | Noticed Erolcha
 16982 | D:12     | Killed Erolcha
 16990 | D:12     | 16990 ||| READING scroll of enchant armour.
 16990 | D:12     | 16990 ||| ENCHANTING +1 pair of gloves.
 17086 | D:12     | Noticed Kirke
 17087 | D:12     | 17087 ||| INVOKING Heroism.
 17088 | D:12     | 17088 ||| INVOKING Finesse.
 17094 | D:12     | Killed Kirke
 17162 | D:12     | Identified the +8 spear of Foheta {speed, Str+3 Dex+3}
 17195 | D:12     | Received a gift from Okawaru
 17328 | D:12     | 17328 ||| Stepping ~*~*~tactically~*~*~ (outnumbered).
 17398 | D:12     | 17398 ||| INVOKING Heroism.
 17399 | D:12     | 17399 ||| INVOKING Finesse.
 17578 | D:13     | 17578 ||| STAIRDANCE
 17591 | D:13     | 17591 ||| INVOKING Heroism.
 17602 | D:13     | 17602 ||| STAIRDANCE
 17673 | D:13     | 17673 ||| STAIRDANCE
 17707 | D:13     | 17707 ||| INVOKING Heroism.
 17761 | D:13     | Found Lomamm's Changing Room.
 17780 | D:13     | Found a portal to a secret trove of treasure.
 17811 | D:13     | 17811 ||| Stepping ~*~*~tactically~*~*~ (outnumbered).
 17813 | D:13     | 17813 ||| Stepping ~*~*~tactically~*~*~ (outnumbered).
 17829 | D:13     | 17829 ||| INVOKING Heroism.
 17830 | D:13     | 17830 ||| INVOKING Finesse.
 17996 | D:13     | 17996 ||| BUYING potion of mutation (136 gold).
 17996 | D:13     | Bought a potion of mutation for 136 gold pieces
 17996 | D:13     | 17996 ||| BUYING potion of mutation (136 gold).
 17996 | D:13     | Bought a potion of mutation for 136 gold pieces
 17996 | D:13     | 17996 ||| BUYING potion of mutation (136 gold).
 17996 | D:13     | Bought a potion of mutation for 136 gold pieces
 17996 | D:13     | 17996 ||| BUYING potion of mutation (136 gold).
 17996 | D:13     | Bought a potion of mutation for 136 gold pieces
 18276 | D:14     | 18276 ||| READING scroll of enchant weapon.
 18276 | D:14     | 18276 ||| ENCHANTING +3 longbow of freezing.
 18294 | D:14     | 18294 ||| INVOKING Heroism.
 18295 | D:14     | 18295 ||| READING 5 scrolls of teleportation.
 18382 | D:14     | 18382 ||| INVOKING Heroism.
 18401 | D:14     | HP: 30/144 [vault guard/+0 great mace (9)]
 18402 | D:14     | 18402 ||| READING 4 scrolls of teleportation.
 18402 | D:14     | HP: 10/144 [vault guard/+0 great mace (13)]
 18403 | D:14     | 18403 ||| DRINKING potion of heal wounds.
 18405 | D:14     | HP: 2/144 [vault guard/+0 great sword (5)]
 18406 | D:14     | Reached skill level 19 in Ranged Weapons
 18567 | D:14     | Found a gate to the Vaults.
 18622 | D:14     | 18622 ||| INVOKING Heroism.
 18626 | D:14     | 18626 ||| Stepping ~*~*~tactically~*~*~ (outnumbered).
 18655 | D:14     | HP: 21/146 [skeletal warrior/+0 glaive (22)]
 18656 | D:14     | 18656 ||| READING 3 scrolls of teleportation.
 18676 | D:14     | 18676 ||| INVOKING Heroism.
 18839 | D:14     | Found a glowing golden altar of the Shining One.
 18878 | D:14     | 18878 ||| INVOKING Heroism.
 19166 | D:14     | 19166 ||| DROPPING ring of magical power.
 19186 | D:15     | Entered Level 15 of the Dungeon
 19260 | D:15     | 19260 ||| INVOKING Heroism.
 19341 | D:15     | Found a staircase to the Depths.
 19355 | D:15     | 19355 ||| INVOKING Heroism.
 19731 | D:15     | 19731 ||| PLANNING ORC
 19731 | D:15     | 19731 ||| UPGRADING to +0 troll leather armour.
 19741 | D:15     | 19741 ||| DROPPING +2 leather armour of willpower.
 19742 | D:15     | 19742 ||| DROPPING +2 robe "Rimasiere" {rElec}.
 19743 | D:15     | 19743 ||| UPGRADING to +2 hat.
 19748 | D:15     | 19748 ||| UPGRADING to +2 helmet.
 19758 | D:15     | 19758 ||| DROPPING +2 hat.
 19872 | Orc:1    | Entered Level 1 of the Orcish Mines
 19946 | Orc:2    | Entered Level 2 of the Orcish Mines
 19967 | Orc:2    | 19967 ||| INVOKING Heroism.
 19989 | Orc:2    | 19989 ||| STAIRDANCE
 20055 | Orc:2    | 20055 ||| INVOKING Heroism.
 20100 | Orc:2    | Received a gift from Okawaru
 20102 | Orc:2    | 20102 ||| INVOKING Heroism.
 20105 | Orc:2    | Reached XP level 16. HP: 156/156 MP: 20/23
 20118 | Orc:2    | 20118 ||| Stepping ~*~*~tactically~*~*~ (outnumbered).
 20123 | Orc:2    | 20123 ||| Stepping ~*~*~tactically~*~*~ (outnumbered).
 20148 | Orc:2    | 20148 ||| INVOKING Heroism.
 20198 | Orc:2    | Found Rest's Antique Armour Shoppe.
 20198 | Orc:2    | Found Ruddoul's Weapon Shop.
 20200 | Orc:2    | Found Giuxiu Deca's Armour Shoppe.
 20200 | Orc:2    | Found Agaavuar's General Store.
 20206 | Orc:2    | 20206 ||| BUYING dyed leather armour (155 gold).
 20206 | Orc:2    | Bought a dyed leather armour for 155 gold pieces
 20206 | Orc:2    | 20206 ||| BUYING runed scarf (248 gold).
 20206 | Orc:2    | Bought a runed scarf for 248 gold pieces
 20209 | Orc:2    | 20209 ||| BUYING scroll of teleportation (36 gold).
 20209 | Orc:2    | Bought a scroll of teleportation for 36 gold pieces
 20235 | Orc:2    | Found Uhipumi's Weapon Shoppe.
 20236 | Orc:2    | 20236 ||| DROPPING +0 robe of fire resistance.
 20237 | Orc:2    | 20237 ||| DROPPING scarf of invisibility.
 20239 | Orc:2    | Found a staircase to the Elven Halls.
 20442 | Orc:1    | 20442 ||| INVOKING Heroism.
 20517 | Orc:1    | Found Beon's General Store.
 20527 | Orc:1    | 20527 ||| BUYING +1 cloak of preservation (181 gold).
 20527 | Orc:1    | Bought a +1 cloak of preservation for 181 gold pieces
 20670 | Orc:1    | 20670 ||| UPGRADING to +1 cloak of preservation.
 20680 | Orc:1    | 20680 ||| DROPPING +0 cloak.
 20792 | Orc:2    | 20792 ||| INVOKING Heroism.
 20868 | Orc:2    | Reached skill level 20 in Ranged Weapons
 21125 | Orc:2    | 21125 ||| PLANNING SNAKE:1-3
 21125 | Orc:2    | 21125 ||| DROPPING +0 leather armour of fire resistance.
 21283 | Snake:1  | Entered Level 1 of the Snake Pit
 21295 | Snake:1  | 21295 ||| STAIRDANCE
 21298 | Lair:3   | 21298 ||| INVOKING Heroism.
 21343 | Snake:1  | 21343 ||| INVOKING Heroism.
 21350 | Snake:1  | 21350 ||| Stepping ~*~*~tactically~*~*~ (outnumbered).
 21358 | Snake:1  | 21358 ||| INVOKING Heroism.
 21394 | Snake:1  | Reached skill level 9 in Dodging
 21538 | Snake:1  | Received a gift from Okawaru
 21748 | Snake:1  | 21748 ||| INVOKING Heroism.
 21753 | Snake:1  | 21753 ||| Stepping ~*~*~tactically~*~*~ (outnumbered).
 21755 | Snake:1  | 21755 ||| Stepping ~*~*~tactically~*~*~ (outnumbered).
 21850 | Snake:1  | 21850 ||| READING scroll of enchant weapon.
 21850 | Snake:1  | 21850 ||| ENCHANTING +4 longbow of freezing.
 22494 | Snake:1  | 22494 ||| UPGRADING to +1 barding.
 22499 | Snake:1  | 22499 ||| DROPPING ring of ice.
 22500 | Snake:1  | 22500 ||| UPGRADING to ring of protection from cold.
 22513 | Snake:2  | 22513 ||| INVOKING Heroism.
 22566 | Snake:2  | Identified the +11 plate armour of Minor Irritation {rElec
                  | rPois Regen+ Str-2 Slay+2}
 22579 | Snake:2  | Identified the +2 buckler of Okawaru's Condemnation {Harm}
                  | (Okawaru gifted it to you on level 2 of the Snake Pit)
 22579 | Snake:2  | Received a gift from Okawaru
 22591 | Snake:2  | 22591 ||| INVOKING Heroism.
 22616 | Snake:2  | Reached skill level 6 in Armour
 22617 | Snake:2  | 22617 ||| Stepping ~*~*~tactically~*~*~ (outnumbered).
 22618 | Snake:2  | 22618 ||| Stepping ~*~*~tactically~*~*~ (outnumbered).
 22625 | Snake:2  | 22625 ||| INVOKING Heroism.
 22626 | Snake:2  | 22626 ||| Stepping ~*~*~tactically~*~*~ (outnumbered).
 22655 | Snake:2  | Found Hiredoul's Antique Armour Shoppe.
 22660 | Snake:2  | 22660 ||| BUYING glowing robe (140 gold).
 22660 | Snake:2  | Bought a glowing robe for 140 gold pieces
 22660 | Snake:2  | 22660 ||| BUYING runed robe (140 gold).
 22660 | Snake:2  | Bought a runed robe for 140 gold pieces
 22668 | Snake:2  | Reached XP level 17. HP: 168/168 MP: 24/24
 22749 | Snake:2  | Found Qirrecig's General Store.
 22782 | Snake:2  | Found Poguarech's Antique Armour Shoppe.
 22810 | Snake:2  | 22810 ||| Stepping ~*~*~tactically~*~*~ (outnumbered).
 22828 | Snake:2  | 22828 ||| INVOKING Heroism.
 23216 | Snake:2  | 23216 ||| INVOKING Heroism.
 23295 | Snake:2  | Found Paops's Antique Weapon Shop.
 23589 | Snake:2  | 23589 ||| DROPPING +2 robe of positive energy.
 23590 | Snake:2  | 23590 ||| DROPPING +2 robe.
 23591 | Snake:2  | 23591 ||| UPGRADING to +2 barding.
 23601 | Snake:2  | 23601 ||| DROPPING +1 barding.
 23627 | Snake:3  | 23627 ||| STAIRDANCE
 24111 | Snake:3  | Reached skill level 15 in Fighting
 24178 | Snake:3  | 24178 ||| Stepping ~*~*~tactically~*~*~ (outnumbered).
 24389 | Snake:3  | 24389 ||| PLANNING SWAMP:1-3
 24502 | Swamp:1  | Entered Level 1 of the Swamp
 24516 | Swamp:1  | 24516 ||| INVOKING Heroism.
 24572 | Swamp:1  | 24572 ||| READING scroll of enchant weapon.
 24572 | Swamp:1  | 24572 ||| ENCHANTING +5 longbow of freezing.
 24593 | Swamp:1  | 24593 ||| INVOKING Heroism.
 24626 | Swamp:1  | 24626 ||| Stepping ~*~*~tactically~*~*~ (cloud).
 24633 | Swamp:1  | 24633 ||| Stepping ~*~*~tactically~*~*~ (cloud).
 24635 | Swamp:1  | 24635 ||| Stepping ~*~*~tactically~*~*~ (cloud).
 24639 | Swamp:1  | 24639 ||| Stepping ~*~*~tactically~*~*~ (cloud).
 24702 | Swamp:1  | 24702 ||| INVOKING Heroism.
 24849 | Swamp:1  | 24849 ||| INVOKING Heroism.
 24857 | Swamp:1  | Reached skill level 9 in Armour
 24885 | Swamp:1  | Found the ring of Shadows {Umbra +Inv Stlth+}
 24889 | Swamp:1  | Noticed Mlioglotl
 24890 | Swamp:1  | 24890 ||| INVOKING Heroism.
 24907 | Swamp:1  | Killed Mlioglotl
 24983 | Swamp:1  | 24983 ||| INVOKING Heroism.
 25228 | Swamp:2  | Noticed Aizul
 25229 | Swamp:2  | 25229 ||| INVOKING Heroism.
 25238 | Swamp:2  | Killed Aizul
 25377 | Swamp:2  | 25377 ||| INVOKING Heroism.
 25442 | Swamp:2  | Noticed Louise
 25452 | Swamp:2  | Killed Louise
 25495 | Swamp:2  | 25495 ||| INVOKING Heroism.
 25709 | Swamp:2  | Noticed Nikola
 25709 | Swamp:2  | 25709 ||| INVOKING Heroism.
 25710 | Swamp:2  | 25710 ||| INVOKING Finesse.
 25732 | Swamp:2  | Killed Nikola
 25794 | Swamp:3  | 25794 ||| STAIRDANCE
 25811 | Swamp:3  | 25811 ||| INVOKING Heroism.
 25875 | Swamp:3  | 25875 ||| INVOKING Heroism.
 25898 | Swamp:3  | Reached XP level 18. HP: 181/181 MP: 25/25
 25917 | Swamp:3  | 25917 ||| READING scroll of enchant armour.
 25917 | Swamp:3  | 25917 ||| ENCHANTING +2 barding.
 25953 | Swamp:3  | 25953 ||| INVOKING Heroism.
 26116 | Swamp:3  | Found Xyufuhos's Island Escapes.
 26575 | Swamp:3  | 26575 ||| PLANNING SNAKE:4
 26575 | Swamp:3  | 26575 ||| DROPPING ring of wizardry.
 26576 | Swamp:3  | 26576 ||| DROPPING +6 ring of intelligence.
 26730 | Snake:4  | Entered Level 4 of the Snake Pit
 26731 | Snake:4  | 26731 ||| INVOKING Heroism.
 26763 | Snake:4  | 26763 ||| Stepping ~*~*~tactically~*~*~ (outnumbered).
 26766 | Snake:4  | 26766 ||| Stepping ~*~*~tactically~*~*~ (outnumbered).
 26776 | Snake:4  | 26776 ||| INVOKING Heroism.
 26820 | Snake:4  | 26820 ||| INVOKING Heroism.
 26850 | Snake:4  | 26850 ||| INVOKING Heroism.
 27008 | Snake:4  | Found Nariesuk's Book Emporium.
 27008 | Snake:4  | Found Fuuv's Jewellery Boutique.
 27009 | Snake:4  | Found Abaipol's Book Emporium.
 27016 | Snake:4  | 27016 ||| BUYING +5 ring of evasion (396 gold).
 27016 | Snake:4  | Bought a +5 ring of evasion for 396 gold pieces
 27016 | Snake:4  | 27016 ||| BUYING +5 ring of evasion (396 gold).
 27016 | Snake:4  | Bought a +5 ring of evasion for 396 gold pieces
 27016 | Snake:4  | 27016 ||| BUYING +6 ring of dexterity (396 gold).
 27016 | Snake:4  | Bought a +6 ring of dexterity for 396 gold pieces
 27016 | Snake:4  | 27016 ||| SHOPLISTING ring of the Assorted Defenders {rF+
                  | Stlth+} (382 gold, have 165).
 27046 | Snake:4  | 27046 ||| INVOKING Heroism.
 27201 | Snake:4  | 27201 ||| INVOKING Heroism.
 27259 | Snake:4  | 27259 ||| INVOKING Heroism.
 27372 | Snake:4  | 27372 ||| INVOKING Heroism.
 27386 | Snake:4  | HP: 40/184 [nagaraja/bolt of poison (10)]
 27389 | Snake:4  | HP: 17/184 [poisoned by a nagaraja (bolt of poison)]
 27391 | Snake:4  | HP: 8/184 [constriction (5)]
 27394 | Snake:4  | Slain by a naga mage

Levels and vault maps discovered:
D:1:      evilmike_arrival_crescent, layout_rooms,
          shapermc_ecumenical_altar_totnotflames, bh_walls_and_bars
D:2:      layout_loops_ring, serial_bayou, serial_bayou_lagoon_b,
          serial_bayou_shore_a, serial_bayou_pond_e, serial_bayou_pond_b,
          uniq_terence
D:3:      layout_basic, roderic_batcave
D:4:      layout_basic, uniq_menkaure, uniq_ijyb
D:5:      layout_basic, minmay_temple_entry_glass, serial_shops,
          nicolae_square_shop, serial_undead, serial_undead_d, serial_undead_c,
          serial_undead_c, serial_undead_e, serial_undead_c, serial_undead_e,
          uniq_eustachio
D:6:      layout_cave_pools, nemelex_xobeh_ov_fountains_minmay, minivault_14
D:7:      layout_basic, serial_shops, nicolae_shop_real_fake_doors
D:8:      nicolae_cairo_tiling_large, layout_gridville, minmay_lair_entry_grove
D:9:      layout_irregular_city, uniq_harold
D:10:     layout_basic, orc_0_dummy, grunt_ministairs_13
D:11:     layout_grid_maze
D:12:     minmay_stepped, layout_rooms, serial_glass, glass_columns_a,
          glass_columns_b, uniq_nergalle, uniq_erolcha, uniq_kirke
D:13:     layout_cave_pools, nicolae_trove_entry_free_sample,
          nicolae_transmutations_shop
D:14:     layout_roguey, ximxim_vaults_locker_room, serial_bayou_ford_a,
          tso_oasis_becter
D:15:     hangedman_depths_entry_civil_slaughter, layout_rooms
Temple:   compressed_dpeg_triangle_lava_temple
Lair:1:   layout_big_grid, nicolae_lair_lil_pond, beast_lair_carwin_5,
          infiniplex_staircase_pool_2, lemuel_fruit_tree
Lair:2:   wad_woods_structure_01, layout_layer_cave, swamp_mist_pool,
          uniq_maggie
Lair:3:   layout_regular_city, minmay_snake_entry_guardpost_small,
          hangedman_lair_generics_rect, uniq_snorg
Lair:4:   layout_regular_city, lemuel_fruit_fields, grunt_megastairs_4
Lair:5:   hellmonk_lair_end_abyssal_woods, layout_layer_cave, slime_entry_1,
          lightli_volcano_entry_magma_tube, infiniplex_staircase_pool
Swamp:1:  layout_basic_swamp, evilmike_swamp_ruin_house_1, uniq_mlioglotl
Swamp:2:  layout_basic_swamp, hangedman_swamp_ruin_hall, uniq_louise,
          uniq_aizul, uniq_nikola
Swamp:3:  layout_basic_swamp, evilmike_swamp_ruin_house_6, swamp_pool5,
          nicolae_island_escapes
Snake:1:  layout_misc_corridors, nicolae_snake_gridmaze_entwining, st_stairs_11,
          nicolae_snake_mages_go_home
Snake:2:  layout_cave_pods, serial_shops, nicolae_shop_just_a_little_nook,
          nicolae_shop_rolling_square, nicolae_shop_tiny_glass, shop
Snake:3:  layout_cave_pods
Snake:4:  minmay_snake_end_coiled, layout_layer_cave,
          nicolae_snake_gridmaze_waves, minmay_shop_grove
Orc:1:    nicolae_orc_accident_1, layout_diamond_mine, serial_shops, shop
Orc:2:    grunt_orc_tribal_feast, layout_caves, serial_shops, shop

Skill      XL: |  1  2  3  4  5  6  7  8  9 10 11 12 13 14 15 16 17 18 |
---------------+-------------------------------------------------------+-----
Ranged Weapons | 4 5 6 8 9 10 12 14 15 16 18 19 20 | 20.0
Fighting       | 3 4 5 7 8 9 10 11 12 13 14 16 17 | 17.0
Dodging        | 2 3 4 5 6 7 8 9 10 | 10.9
Invocations    | 3 4 8 10 | 10.0
Armour         | 1 2 3 4 6 9 |  9.0
Stealth        | |  1.5

Action                     |  1- 3 |  4- 6 |  7- 9 | 10-12 | 13-15 | 16-18 || total
---------------------------+-------+-------+-------+-------+-------+-------++-------
   Fire: Shortbow          |    65 |   127 |   396 |       |       |       ||   588
         Orcbow            |       |       |    54 |   672 |   287 |       ||  1013
         Longbow           |       |       |       |       |  1125 |  1288 ||  2413
 Invoke: Heroism           |       |       |    10 |    26 |    39 |    33 ||   108
         Finesse           |       |       |       |     1 |     4 |     1 ||     6
Ability: Spit Poison       |    33 |    29 |    72 |    66 |       |       ||   200
    Use: Scroll            |     2 |     6 |    10 |    11 |    15 |     3 ||    47
         Potion            |       |     1 |     5 |     4 |     4 |       ||    14
 Armour: Leather armour    |     6 |    48 |   159 |   220 |   416 |       ||   849
         Troll leather arm |       |       |       |       |    37 |   261 ||   298
  Dodge: Dodged            |     7 |    56 |   173 |   373 |   751 |   385 ||  1745

Table legend:
 A = Non-vault XP
 B = Vault XP
 C = Vault XP percentage of total XP
 D = Non-vault monster count
 E = Vault monster count
 F = Vault count percentage of total count
                 A         B        C        D         E       F
            +---------+---------+-------+---------+---------+-------
      Total |  193875 |   79400 |  29.1 |     721 |     211 |  22.6
            +---------+---------+-------+---------+---------+-------
        D:1 |      33 |       0 |   0.0 |      21 |       0 |   0.0
        D:2 |     197 |      40 |  16.9 |      29 |       4 |  12.1
        D:3 |     159 |      10 |   5.9 |      16 |       7 |  30.4
        D:4 |     422 |     211 |  33.3 |      16 |       2 |  11.1
        D:5 |     581 |     663 |  53.3 |      10 |      12 |  54.5
        D:6 |     966 |       0 |   0.0 |      26 |       0 |   0.0
        D:7 |    1316 |       0 |   0.0 |      24 |       0 |   0.0
        D:8 |    3324 |    2200 |  39.8 |      32 |      13 |  28.9
        D:9 |    2269 |     876 |  27.9 |      25 |       1 |   3.8
       D:10 |    3576 |     330 |   8.4 |      17 |       2 |  10.5
       D:11 |    4213 |       0 |   0.0 |      17 |       0 |   0.0
       D:12 |    4763 |    6694 |  58.4 |      19 |      10 |  34.5
       D:13 |    6884 |       0 |   0.0 |      23 |       0 |   0.0
       D:14 |    7851 |    5741 |  42.2 |      16 |      12 |  42.9
       D:15 |    3477 |    4304 |  55.3 |       6 |       6 |  50.0
     Lair:1 |    1426 |     267 |  15.8 |       8 |       3 |  27.3
     Lair:2 |    4062 |    3844 |  48.6 |      18 |      11 |  37.9
     Lair:3 |    9382 |    5718 |  37.9 |      33 |      13 |  28.3
     Lair:4 |    7053 |     619 |   8.1 |      25 |       2 |   7.4
     Lair:5 |   23742 |    8536 |  26.4 |      73 |      30 |  29.1
    Swamp:1 |   10429 |    1665 |  13.8 |      25 |       1 |   3.8
    Swamp:2 |   17261 |    4860 |  22.0 |      31 |       3 |   8.8
    Swamp:3 |   10673 |     397 |   3.6 |      22 |       3 |  12.0
    Snake:1 |   20228 |   12422 |  38.0 |      41 |      24 |  36.9
    Snake:2 |   22801 |       0 |   0.0 |      41 |       0 |   0.0
    Snake:3 |    8202 |       0 |   0.0 |      17 |       0 |   0.0
    Snake:4 |   12936 |   11220 |  46.4 |      25 |      20 |  44.4
      Orc:1 |    2968 |    1561 |  34.5 |      28 |       5 |  15.2
      Orc:2 |    2681 |    7222 |  72.9 |      37 |      27 |  42.2
            +---------+---------+-------+---------+---------+-------
